 Dungeon Crawl Stone Soup version 0.29-a0-819-g94b489e0ae (webtiles) character file.

Game seed: 9932242415667577325

4251 bande the Cleaver (level 10, -9/61 HPs)
             Began as a Gargoyle Fighter on July 7, 2022.
             Was a Priest of Okawaru.
             Mangled by a two-headed ogre
             ... wielding a +0 giant club
              (17 damage)
             ... on level 9 of the Dungeon.
             The game lasted 00:21:40 (12601 turns).

bande the Cleaver (Gargoyle Fighter)               Turns: 12601, Time: 00:21:41

Health: -9/61      AC: 20    Str: 21    XL:     10   Next: 31%
Magic:  0/13       EV: 10    Int:  8    God:    Okawaru [***...]
Gold:   662        SH:  7    Dex: 13    Spells: 9/9 levels left

rFire   . . .      SeeInvis .   a - +1 war axe
rCold   . . .      Faith    .   c - +1 buckler
rNeg    + . .      Spirit   +   B - +0 plate armour
rPois   ∞          Reflect  .   (no helmet)
rElec   +          Harm     .   (no cloak)
rCorr   .          Rampage  .   (no gloves)
Will    +....                   (no boots)
Stlth   ..........              f - amulet of guardian spirit
HPRegen 0.20/turn               x - +4 ring of evasion
MPRegen 0.13/turn               o - ring of willpower

@: no status effects
A: sickness immunity, AC +7, negative energy resistance 1, electricity
resistance, torment resistance 1, petrification resistance
a: Renounce Religion, Heroism


You were on level 9 of the Dungeon.
You worshipped Okawaru.
Okawaru was most pleased with you.
You visited 2 branches of the dungeon, and saw 10 of its levels.
You also visited: Bailey.

You collected 662 gold pieces.

Inventory:

Hand Weapons
 a - a +1 war axe (weapon)
 m - a +0 war axe
 z - a +2 flail of draining
Armour
 c - a +1 buckler (worn)
 A - the +4 ring mail of Stoicism {rElec rF++ Will+ Dex+3}
   (You found it on level 5 of the Dungeon)

   Dex:       It affects your dexterity (+3).
   rF:        It greatly protects you from fire.
   rElec:     It insulates you from electricity.
   Will:      It increases your willpower.
 B - a +0 plate armour (worn)
Jewellery
 f - an amulet of guardian spirit (around neck)
 j - a ring of resist corrosion
 n - an amulet of reflection
 o - a ring of willpower (right hand)
 x - a +4 ring of evasion (left hand)
 D - a ring of ice
Wands
 p - a wand of flame (5)
 t - a wand of mindburst (20)
 u - a wand of acid (9)
 y - a wand of roots (21)
Scrolls
 e - 2 scrolls of magic mapping
 k - 5 scrolls of fog
 l - 7 scrolls of enchant armour
 r - 3 scrolls of teleportation
 v - a scroll of poison
 w - a scroll of fear
 E - a scroll of enchant weapon
Potions
 b - 3 potions of berserk rage
 d - a potion of might
 g - 3 potions of curing
 h - a potion of brilliance {unknown}
 i - a potion of cancellation
 q - a potion of resistance
 s - a potion of mutation
 C - 2 potions of magic


   Skills:
 + Level 6.4 Fighting
 + Level 8.1 Axes
 + Level 6.8 Armour
 + Level 7.4 Shields
 * Level 4.8 Invocations
 * Level 4.8 Evocations


You had 9 spell levels left.
You didn't know any spells.
Your spell library contained the following spells:

 Spells                   Type           Power      Damage    Failure   Level
 Freeze                   Ice            0%         1d3       100%        1
 Poisonous Vapours        Pois/Air       0%         N/A       100%        2
 Scorch                   Fire           0%         2d5       100%        2
 Frozen Ramparts          Ice            0%         1d2       100%        3
 Corpse Rot               Necr/Pois/Air  0%         N/A       100%        4
 Flame Wave               Conj/Fire      0%         2d4       100%        4
 Hailstorm                Conj/Ice       0%         3d3       100%        4
 Summon Cactus Giant      Summ           Unusable   N/A       N/A         6

Dungeon Overview and Level Annotations

Branches:
Dungeon (9/15)             Temple (1/1) D:6          Bailey (visited)
   Lair: D:8-11         Orc: D:9-12

Altars:
Ashenzari
Cheibriados
Dithmenos
Elyvilon
Fedhas
Gozag
Hepliaklqana
Kikubaaqudgha
Makhleb
Nemelex Xobeh
Okawaru
Qazlal
Ru
Sif Muna
Trog
Uskayaw
Vehumet
Wu Jian
Xom
Yredelemnul
Zin
The Shining One

Shops:
D:7 [


Innate Abilities, Weirdness & Mutations

You are immune to sickness and miasma.
Your stone body is resilient. (AC +7)
You are immune to poison.
You resist negative energy. (rN+)
You are resistant to electric shocks. (rElec)
You are resistant to unholy torment.
You are immune to petrification.


Message History

You barely miss the two-headed ogre.
The two-headed ogre is moderately wounded.
The two-headed ogre barely misses you.
The two-headed ogre hits you with a +0 giant club!
An orc comes into view. It is wielding a +0 flail.
The orc shouts!
You hit the two-headed ogre.
The two-headed ogre is moderately wounded.
You hear a shout!
You block the two-headed ogre's attack.
The two-headed ogre hits you but does no damage.
An orc comes into view. It is wielding a +0 dagger.
The orc shouts!
You slash the two-headed ogre!
The two-headed ogre is heavily wounded.
You hear a shout!
An orc comes into view. It is wielding a +0 dagger.
You block the two-headed ogre's attack. x2
The orc shouts!
You hit the two-headed ogre but do no damage.
The two-headed ogre is heavily wounded.
You hit the orc.
You hear a shout! x2
The orc closely misses you.
An orc comes into view. It is wielding a +0 dagger.
You hear a shout! x2
You slash the two-headed ogre!
The two-headed ogre is severely wounded.
You hit the orc.
You kill the orc!
Okawaru accepts your kill. The two-headed ogre closely misses you.
The two-headed ogre hits you with a +0 giant club!!
* * * LOW HITPOINT WARNING * * *
An orc comes into view. It is wielding a +0 mace of holy wrath.
You slash the two-headed ogre!
The two-headed ogre is almost dead.
You closely miss the orc.
The two-headed ogre hits you with a +0 giant club!!
You die...

.#...........#
.#.########### .###
(##### ##### . .....#
#... o. ####.#
###.####... #.#
#....:.oo..
#.#########..o)..o...
#.........'..@Oo.....
###########..........
#..........
#..........
#..........
#..........
###########


You could see a two-headed ogre and 6 orcs.

Vanquished Creatures
  A shadow (D:9)
  A steam dragon (D:8)
  An acid dragon (D:8)
  Edmund (D:5)
  2 ice beasts
  11 orc warriors
  A sky beast (D:6)
  An ogre (D:6)
  14 centaurs
  A kobold brigand (D:8)
  4 phantoms
  2 necrophages
  3 bullfrogs
  The ghost of chrisa4242 the Sneak, a weakling OpDe (D:5)
  A bullfrog zombie (D:5)
  2 jellies (D:5)
  A gnoll bouda (D:6)
  2 hounds
  3 orc wizards
  A killer bee zombie (D:5)
  4 adders
  7 gnolls
  A shadow imp (D:6)
  A worm (D:3)
  2 dart slugs
  41 orcs
  6 ball pythons
  8 endoplasms
  6 giant cockroaches
  6 goblins
  7 hobgoblins
  7 jackals
  5 quokkas
  2 bats (D:3)
  5 frilled lizards
  12 kobolds
  2 rats
176 creatures vanquished.

Notes
Turn   | Place    | Note
-------+----------+-------------------------------------------
     0 | D:1      | bande the Gargoyle Fighter began the quest for the Orb.
     0 | D:1      | Reached XP level 1. HP: 14/14 MP: 1/1
   143 | D:1      | Reached XP level 2. HP: 16/19 MP: 2/2
   199 | D:1      | Found a faded altar of an unknown god.
   407 | D:1      | Reached skill level 2 in Axes
   776 | D:1      | Reached XP level 3. HP: 24/24 MP: 3/3
  1640 | D:3      | Reached XP level 4. HP: 29/29 MP: 4/4
  2180 | D:3      | Reached skill level 3 in Axes
  2180 | D:3      | Reached XP level 5. HP: 23/33 MP: 3/5
  3159 | D:4      | Reached XP level 6. HP: 35/38 MP: 6/6
  3175 | D:4      | Found a shimmering blue altar of Sif Muna.
  3179 | D:4      | Found a sparkling altar of Nemelex Xobeh.
  3183 | D:4      | Found an opulent altar of Gozag.
  3293 | D:5      | Entered Level 5 of the Dungeon
  3307 | D:5      | Reached skill level 4 in Axes
  3490 | D:5      | Identified the +4 ring mail of Stoicism {rElec rF++ Will+
                  | Dex+3}
  3523 | D:5      | Found a broken altar of Ashenzari.
  3680 | D:5      | Found an ornate altar of the Wu Jian Council.
  3704 | D:5      | Found a runed translucent gate.
  3704 | D:5      | Found a runed translucent gate.
  3704 | D:5      | Found a runed translucent gate.
  3704 | D:5      | Noticed chrisa4242's ghost (weakling OpDe)
  3706 | D:5      | Found a basalt altar of Yredelemnul.
  3841 | D:5      | Noticed an ice beast
  3852 | D:5      | Killed an ice beast
  3853 | D:5      | Reached skill level 5 in Armour
  3853 | D:5      | Reached skill level 1 in Evocations
  3853 | D:5      | Reached XP level 7. HP: 41/44 MP: 5/7
  4127 | D:5      | Noticed Edmund
  4138 | D:5      | Killed Edmund
  4139 | D:5      | Reached skill level 5 in Axes
  4624 | D:5      | Killed chrisa4242's ghost
  4724 | D:5      | Reached skill level 5 in Fighting
  4791 | D:5      | Reached XP level 8. HP: 46/49 MP: 8/8
  5091 | D:6      | Found a staircase to the Ecumenical Temple.
  5097 | Temple   | Entered the Ecumenical Temple
  5145 | Temple   | Became a worshipper of Warmaster Okawaru
  5396 | D:6      | Reached skill level 1 in Invocations
  5531 | D:6      | Reached skill level 6 in Axes
  5876 | D:7      | Found Butecs's Antique Armour Boutique.
  5956 | D:7      | Found a flagged portal.
  5965 | D:7      | Reached skill level 5 in Shields
  5980 | Bailey   | Entered a bailey
  6478 | Bailey   | Reached * piety under Okawaru
  6782 | Bailey   | Reached XP level 9. HP: 42/54 MP: 10/10
  7588 | Bailey   | Reached skill level 7 in Axes
  8542 | Bailey   | Reached ** piety under Okawaru
  8895 | Bailey   | HP: 2/55 [centaur/javelin (9)]
 11006 | D:7      | Reached XP level 10. HP: 51/60 MP: 13/13
 11960 | D:8      | Found a bloodstained altar of Trog.
 12047 | D:8      | Reached skill level 8 in Axes
 12242 | D:8      | Found a shadowy altar of Dithmenos.
 12487 | D:9      | Reached *** piety under Okawaru
 12589 | D:9      | Noticed a two-headed ogre
 12601 | D:9      | Mangled by a two-headed ogre

Illustrated notes

Levels and vault maps discovered:
D:1:      lightli_iron_boxes, layout_loops_ring, ebering_ecumenical_altar_box
D:2:      layout_rooms, serial_forest, infiniplex_forest_straight_4,
          infiniplex_forest_lined_corner, infiniplex_forest_lined_room_,
          infiniplex_forest_lined_1, infiniplex_forest_end_1,
          infiniplex_forest_lined_room_2, infiniplex_forest_clump_long,
          nrook_mini_vaults, minivault_19, minmay_misc_feat_diagonals
D:3:      layout_basic, dk_noncrumbling_4, minmay_misc_feat_room,
          ebering_dispersal_statue_hall
D:4:      layout_basic, grunt_temple_overflow_diamond
D:5:      layout_basic, mainiacjoe_overflow_paths,
          nicolae_yredelemnul_ghost_church, mainiacjoe_overflow_six_doors_small,
          uniq_edmund
D:6:      layout_loops_ring, temple_green, grunt_decor_junction
D:7:      layout_basic, serial_shops, nicolae_shop_advertising_works
          [nicolae_subvault_shop_adworks], enter_bailey_4, chequers_garden
D:8:      layout_basic, kennysheep_mini, grunt_dithmenos_shadows
D:9:      layout_basic, hiddenorc1_lemuel, minmay_misc_feat_enclosed,
          uniq_erolcha
Temple:   zaba_magenta_temple

Skill      XL: |  1  2  3  4  5  6  7  8  9 10 |
---------------+-------------------------------+-----
Axes           | 2 3 4 5 6 7 8 |  8.1
Armour         | 4 5 6 |  6.8
Fighting       | 4 5 6 |  6.4
Shields        | 4 5 7 |  7.4
Evocations     | 1 2 3 4 |  4.8
Invocations    | 2 4 |  4.8

Action                   |  1- 3 |  4- 6 |  7- 9 | 10-12 || total
-------------------------+-------+-------+-------+-------++-------
Melee: War axe           |   111 |   156 |   305 |    86 ||   658
  Use: Scroll            |       |    18 |     1 |     4 ||    23
       Potion            |       |       |     6 |     2 ||     8
Armor: Scale mail        |    59 |    87 |    17 |       ||   163
       Ring mail         |       |       |   126 |    41 ||   167
       Plate armour      |       |       |       |     8 ||     8
Dodge: Dodged            |    55 |    72 |   346 |    58 ||   531
Block: Buckler           |    24 |    43 |   283 |    38 ||   388
       Reflection        |       |       |     2 |       ||     2

Table legend: (Time is in decaauts)
 A = Elapsed time spent in this place.
 B = Non-inter-level travel time spent in this place.
 C = Inter-level travel time spent in this place.
 D = Time resting spent in this place.
 E = Time spent auto-exploring this place.
 F = Levels seen in this place.
 G = Mean time per level.
                   A        B        C        D        E       F      G
               +--------+--------+--------+--------+--------+-----+--------+
         Total |  12808 |  12622 |    186 |   3903 |   6060 |  11 | 1164.4 |
       Dungeon |   8078 |   7892 |    186 |    542 |   5879 |   9 |  897.6 |
        Temple |     68 |     68 |      0 |      0 |      0 |   1 |   68.0 |
        Bailey |   4661 |   4661 |      0 |   3361 |    181 |   1 | 4661.0 |
               +--------+--------+--------+--------+--------+-----+--------+

Top non-repeatable levels by time:
  Bailey: 4661 daAuts
     D:5: 1737 daAuts
     D:8: 1118 daAuts
     D:3: 945 daAuts
     D:7: 929 daAuts
     D:1: 848 daAuts
     D:2: 818 daAuts
     D:6: 778 daAuts
     D:4: 770 daAuts
     D:9: 131 daAuts
  Temple: 68 daAuts
